 Dungeon Crawl Stone Soup version 0.29.1-14-g9c671dbff4 (webtiles) character file.

Game seed: 11249043372187458014

1813 croobank the Chiller (level 9, -2/52 HPs)
             Began as a Tengu Ice Elementalist on Feb 16, 2023.
             Slain by an ice beast (6 damage)
             ... on level 5 of the Dungeon.
             The game lasted 00:30:48 (7192 turns).

croobank the Chiller (Tengu Ice Elementalist)       Turns: 7192, Time: 00:30:49

Health: -2/52      AC:  2    Str: 15    XL:     9   Next: 10%
Magic:  6/17       EV: 17    Int: 19    God:
Gold:   234        SH:  0    Dex: 15    Spells: 6/17 levels left

rFire   + + .      SeeInvis .   z - +2 whip (flame)
rCold   + . .      Faith    .   (no shield)
rNeg    . . .      Spirit   .   a - +0 robe
rPois   .          Reflect  .   (helmet restricted)
rElec   .          Harm     .   h - scarf {rC+ rF+}
rCorr   .          Rampage  .   (no gloves)
Will    .....                   (boots unavailable)
Stlth   +++.......              l - amulet of the acrobat
HPRegen 0.17/turn               p - +6 ring of strength
MPRegen 0.15/turn               n - ring of protection from fire

@: on berserk cooldown, flying quickly and evasively, slowed, very slow
A: beak, talons 3, nimble flight
a: no special abilities


You were on level 5 of the Dungeon.
You visited 2 branches of the dungeon, and saw 6 of its levels.

You collected 234 gold pieces.

Inventory:

Hand Weapons
 b - a +0 sling
 d - a +0 short sword
 f - a +0 scimitar
 k - a +0 war axe
 q - a +1 halberd of flaming
 z - a +2 whip of flaming (weapon)
 B - a +2 dagger of draining
Armour
 a - a +0 robe (worn)
 h - a scarf of resistance (worn)
Magical Staves
 j - a staff of poison
Jewellery
 i - a ring of willpower
 l - an amulet of the acrobat (around neck)
 n - a ring of protection from fire (right hand)
 p - a +6 ring of strength (left hand)
Wands
 y - a wand of flame (19)
Scrolls
 c - 4 scrolls of torment
 o - 2 scrolls of immolation
 t - 2 scrolls of fear
 v - 4 scrolls of identify
 w - a scroll of vulnerability {unknown}
 x - a scroll of magic mapping {unknown}
 E - a scroll of teleportation {unknown}
Potions
 e - 5 potions of curing
 m - a potion of mutation {unknown}
 r - 2 potions of heal wounds {unknown}
 s - a potion of degeneration {unknown}
 u - 2 potions of haste {unknown}
 A - a potion of flight {unknown}
 C - 2 potions of attraction {unknown}
 F - 2 potions of brilliance {unknown}


   Skills:
 + Level 4.6 Fighting
 + Level 5.7 Dodging
 + Level 5.5 Stealth
 + Level 4.8 Spellcasting
 + Level 4.5 Conjurations
 + Level 5.7 Ice Magic


You had 6 spell levels left.
You knew the following spells:

 Your Spells              Type           Power      Damage    Failure   Level
a - Freeze                Ice            100%       1d11      1%          1
b - Frozen Ramparts       Ice            52%        1d8       3%          3
c - Ozocubu's Armour      Ice            26%        N/A       3%          3
d - Hailstorm             Conj/Ice       24%        3d7       16%         4

Your spell library contained the following spells:

 Spells                   Type           Power      Damage    Failure   Level


Dungeon Overview and Level Annotations

Branches:
Dungeon (5/15)             Temple (1/1) D:4

Altars:
Ashenzari
Cheibriados
Dithmenos
Elyvilon
Fedhas
Gozag
Hepliaklqana
Kikubaaqudgha
Makhleb
Nemelex Xobeh
Qazlal
Trog
Yredelemnul
Zin
The Shining One


Innate Abilities, Weirdness & Mutations

You have a beak for a mouth.
You have claws for feet.
Your magical nature lets you fly swiftly and evasively.


Message History

Press: ? - help, Dir - look around, f - activate
Okay, then.
Okay, then.
You hit the ice beast.
You melt the ice beast.
The ice beast is lightly wounded.
Your icy armour evaporates.
The ice beast hits you. The ice beast freezes you. You resist.
The ice beast hits you. The ice beast freezes you. You resist.
You hit the ice beast.
You melt the ice beast.
You claw the ice beast, but do no damage.
The ice beast is moderately wounded.
The ice beast hits you but does no damage.
You hit the ice beast.
You melt the ice beast.
Your kick misses the ice beast.
You peck the ice beast, but do no damage.
The ice beast is severely wounded.
The ice beast hits you. The ice beast freezes you. You resist.
The ice beast barely misses you.
You barely miss the ice beast.
The ice beast is severely wounded.
The ice beast hits you. The ice beast freezes you. You resist.
The ice beast closely misses you.
You hit the ice beast but do no damage. Your kick misses the ice beast.
Your punch misses the ice beast.
The ice beast is severely wounded.
The ice beast hits you. The ice beast freezes you. You resist.
You barely miss the ice beast. Your kick misses the ice beast.
The ice beast is severely wounded.
The ice beast barely misses you. The ice beast hits you.
The ice beast freezes you. You resist.
* * * LOW HITPOINT WARNING * * *
You closely miss the ice beast. Your peck misses the ice beast.
The ice beast is severely wounded.
The ice beast hits you.
* * * LOW HITPOINT WARNING * * *
The ice beast freezes you. You resist.
* * * LOW HITPOINT WARNING * * *
The ice beast hits you.
* * * LOW HITPOINT WARNING * * *
The ice beast freezes you. You resist.
You die...

#......# .......
#......# .......
#......###### .......
#...........### .......
#......#....... .....
#......#......#
...###......#......#
#.†######..#......#
#@.## ##........#
.....)Y#..# ##...>....#
.......##.## #.........#
....).. #.[# #.###..####
.......###.###.# ##.####
...........##..####.#.(.
.#.#.###................
#.#..........#####.##..
#....................


You could see an ice beast.

Vanquished Creatures
  Pikel (D:4)
  Prince Ribbit (D:5)
  Menkaure (D:5)
  2 black bears (D:4)
  A necrophage (D:4)
  3 scorpions
  2 hounds (D:4)
  An orc priest (D:5)
  4 iguanas (D:5)
  Jessica (D:3)
  Natasha (thrice) (D:2)
  3 orc wizards
  6 gnolls
  9 adders
  2 worms (D:2)
  6 dart slugs
  15 orcs
  5 endoplasms
  6 giant cockroaches
  14 goblins
  8 hobgoblins
  7 jackals
  4 quokkas
  6 ball pythons
  12 bats
  4 frilled lizards
  5 kobolds
  11 rats
143 creatures vanquished.

Notes
Turn   | Place    | Note
-------+----------+-------------------------------------------
     0 | D:1      | croobank the Tengu Ice Elementalist began the quest for the
                  | Orb.
     0 | D:1      | Reached XP level 1. HP: 10/10 MP: 4/4
   200 | D:1      | Reached XP level 2. HP: 6/15 MP: 0/6
   855 | D:1      | Reached XP level 3. HP: 20/20 MP: 7/7
   859 | D:1      | Learned a level 3 spell: Frozen Ramparts
  1947 | D:2      | Reached skill level 1 in Fighting
  2168 | D:3      | Reached XP level 4. HP: 25/25 MP: 4/8
  2236 | D:3      | Learned a level 3 spell: Ozocubu's Armour
  2528 | D:2      | Found a faded altar of an unknown god.
  2929 | D:2      | Noticed Natasha
  2936 | D:2      | Killed Natasha
  2937 | D:2      | Gained mutation: Your magical nature lets you fly swiftly
                  | and evasively. [Tengu growth]
  2937 | D:2      | Reached XP level 5. HP: 27/29 MP: 2/10
  2953 | D:2      | Noticed Natasha
  3565 | D:2      | Killed Natasha
  3615 | D:2      | Noticed Natasha
  3626 | D:2      | Killed Natasha
  3627 | D:2      | Reached XP level 6. HP: 26/35 MP: 1/11
  4302 | D:3      | Noticed Jessica
  4311 | D:3      | Killed Jessica
  4794 | D:4      | Noticed a black bear
  4809 | D:4      | Killed a black bear
  5165 | D:4      | Noticed a black bear
  5170 | D:4      | Killed a black bear
  5171 | D:4      | Reached XP level 7. HP: 34/40 MP: 3/13
  5266 | D:4      | Learned a level 4 spell: Hailstorm
  5290 | D:4      | Found a staircase to the Ecumenical Temple.
  5308 | Temple   | Entered the Ecumenical Temple
  5670 | D:4      | Reached skill level 1 in Conjurations
  5941 | D:4      | Noticed Pikel
  5961 | D:4      | Killed Pikel
  5962 | D:4      | Reached skill level 5 in Dodging
  5962 | D:4      | Reached skill level 5 in Ice Magic
  5962 | D:4      | Reached XP level 8. HP: 14/48 MP: 1/15
  6455 | D:5      | Entered Level 5 of the Dungeon
  6459 | D:5      | Noticed Prince Ribbit
  6481 | D:5      | Killed Prince Ribbit
  6482 | D:5      | Reached skill level 5 in Stealth
  7156 | D:5      | Reached XP level 9. HP: 52/52 MP: 0/17
  7163 | D:5      | Noticed Menkaure
  7174 | D:5      | Killed Menkaure
  7192 | D:5      | Slain by an ice beast

Illustrated notes

Levels and vault maps discovered:
D:1:      nzn_arrival_water_spiral, layout_basic
D:2:      minmay_chambers_of_twos, layout_basic, basic_ecumenical_altar,
          uniq_natasha
D:3:      layout_basic, uniq_jessica
D:4:      layout_rooms, minmay_temple_entry_arrows, uniq_pikel
D:5:      layout_rooms, kennysheep_another_room, uniq_menkaure,
          uniq_prince_ribbit1
Temple:   minmay_freezing_vapour_temple

Skill      XL: |  1  2  3  4  5  6  7  8 |
---------------+-------------------------+-----
Fighting       | 1 2 3 4 |  4.6
Ice Magic      | 4 5 |  5.7
Dodging        | 3 4 5 |  5.7
Stealth        | 3 4 5 |  5.5
Spellcasting   | 3 4 |  4.8
Conjurations   | 3 4 |  4.5

Action                   |  1- 3 |  4- 6 |  7- 9 || total
-------------------------+-------+-------+-------++-------
Melee: Unarmed           |     3 |       |       ||     3
       Kick              |     7 |     6 |    17 ||    30
       Short sword       |    24 |       |       ||    24
       Peck              |     5 |     5 |    12 ||    22
       Scimitar          |     9 |    36 |     7 ||    52
       Whip              |       |       |    56 ||    56
       Punch             |       |       |     1 ||     1
 Fire: Sling             |       |    70 |    52 ||   122
 Cast: Freeze            |    33 |    22 |    21 ||    76
       Frozen Ramparts   |     8 |    27 |    21 ||    56
       Ozocubu's Armour  |       |    20 |    16 ||    36
       Hailstorm         |       |       |     3 ||     3
  Use: Potion            |       |     2 |     1 ||     3
       Scroll            |       |     4 |     2 ||     6
 Stab: Sleeping          |     4 |     1 |       ||     5
Armor: Robe              |    16 |    34 |    19 ||    69
Dodge: Dodged            |    56 |    94 |    76 ||   226
